 Dungeon Crawl Stone Soup version 0.20.0-15-g7f486f2 (webtiles) character file.

56 NoAnimeNoLife the Skirmisher (level 3, -4/30 HPs)
             Began as a Demonspawn Fighter on June 13, 2017.
             Slain by a gnoll
             ... wielding a +0 flail
              (7 damage)
             ... on level 2 of the Dungeon.
             The game lasted 00:02:56 (1521 turns).

NoAnimeNoLife the Skirmisher (Demonspawn Fighter)   Turns: 1521, Time: 00:02:56

Health: -4/30      AC:  6    Str: 16    XL:     3   Next: 69%
Magic:  0/3        EV:  6    Int:  9    God:
Gold:   70         SH:  8    Dex: 13    Spells: 2/2 levels left

rFire    + . .     SeeInvis .   a - +0 flail
rCold    + . .     Gourm    .   c - +0 shield
rNeg     . . .     Faith    .   b - +0 scale mail
rPois    +         Spirit   +   (no helmet)
rElec    +         Reflect  .   o - scarf {repulsion}
rCorr    +         Harm     .   (no gloves)
MR       .....                  (no boots)
Stlth    ..........             (no amulet)
Regen    0.1/turn               (no ring)
MPRegen  0.1/turn               (no ring)

@: resistant, repel missiles
A: magic shield
a: no special abilities


You were on level 2 of the Dungeon.
You were not hungry.

You visited 1 branch of the dungeon, and saw 2 of its levels.

You collected 70 gold pieces.

Inventory:

Hand Weapons
 a - a +0 flail (weapon)
Missiles
 p - 2 tomahawks (quivered)
Armour
 b - a +0 scale mail (worn)
 c - a +0 shield (worn)
 o - a scarf of repulsion (worn)
Jewellery
 l - an uncursed ring of fire {unknown}
Scrolls
 e - 3 scrolls of identify {unknown}
 i - a scroll of enchant armour {unknown}
 j - 3 scrolls of blinking {unknown}
 m - a scroll of recharging {unknown}
 n - a scroll of remove curse {unknown}
 q - a scroll of magic mapping {unknown}
Potions
 d - a potion of might
 h - a potion of curing {unknown}
 k - a potion of brilliance {unknown}
Comestibles
 f - 2 bread rations


   Skills:
 + Level 4.1 Fighting
 + Level 2.6 Maces & Flails
 - Level 2.6 Armour
 - Level 2.6 Shields


You had 2 spell levels left.
You didn't know any spells.

Dungeon Overview and Level Annotations

Branches:
Dungeon (2/15)

Altars:


Innate Abilities, Weirdness & Mutations

When hurt, damage is shared between your health and your magic reserves.


Message History

The gnoll is lightly wounded.
You block the gnoll's attack.
Your shield and scale mail prevent you from hitting the gnoll.
The gnoll is lightly wounded.
The gnoll hits you with a flail!
* * * LOW HITPOINT WARNING * * *
You hit the gnoll.
The gnoll is moderately wounded.
You block the gnoll's attack.
Your shield and scale mail prevent you from hitting the gnoll.
The gnoll is moderately wounded.
The gnoll hits you with a flail.
* * * LOW HITPOINT WARNING * * *
It was a potion of resistance.
You feel protected. You block the gnoll's attack.
You hit the gnoll.
The gnoll is heavily wounded.
The gnoll hits you with a flail!
You die...

## #.##...##..........# .#
####......##..........#
.####.....#....##.........#
...##.......##..##......#.#
.#.##.......# #....##.###.###
g....####..## ###..##........#
.....####..#### #............#
..............####.#.........#
..'########'...g@............#
#.#........#.######.#........#
#.#.'####+.#.# #..........
#.#.#....#.#.#######.....#####
#.#.#.##.#.#.[...............##
#.#.#.##.#.#.#######..........##
..#.#....#.#.....####..........#
..#.'####'.#...................#
..#........#.####..##..........#


You could see a gnoll.

Vanquished Creatures
  An ooze (D:1)
  2 dart slugs (D:1)
  A leopard gecko (D:2)
  A giant cockroach (D:1)
  3 goblins
  3 hobgoblins (D:1)
  7 jackals
  8 kobolds
  A ball python (D:1)
  7 bats (D:1)
  3 frilled lizards
  8 rats
45 creatures vanquished.

Notes
Turn   | Place    | Note
-------+----------+-------------------------------------------
     0 | D:1      | NoAnimeNoLife the Demonspawn Fighter began the quest for the Orb.
     0 | D:1      | Reached XP level 1. HP: 18/18 MP: 1/1
    80 | D:1      | Gained mutation: When hurt, damage is shared between your health and your magic reserves. [demonic ancestry]
    80 | D:1      | Reached XP level 2. HP: 22/24 MP: 2/2
   500 | D:1      | Reached XP level 3. HP: 28/30 MP: 3/3
  1027 | D:2      | Reached skill level 4 in Fighting
  1521 | D:2      | Slain by a gnoll

Skill      XL: |  1  2  3 |
---------------+----------+-----
Maces & Flails | 2 |  2.6
Fighting       | 4 |  4.1
Armour         | |  2.6
Shields        | |  2.6

Action                   || total
-------------------------++-------
Melee: Flail             ||   188
  Use: Potion            ||     1
  Eat: Chunk             ||     2
Armor: Scale mail        ||   148
Dodge: Dodged            ||    88
Block: Shield            ||   150
